 Dungeon Crawl Stone Soup version 0.24.0-125-gc4c63601f3 (webtiles) character file.

Game seed: 8269708251990287448, levelgen mode: deterministic

7845 Mesmaeker13 the Geomancer (level 11, -2/61 HPs)
             Began as an Octopode Earth Elementalist on Feb 16, 2020.
             Was a Follower of Sif Muna.
             Slain by Harold
             ... wielding a +1 glaive of pain
              (7 damage)
             ... on level 8 of the Dungeon.
             The game lasted 00:24:43 (12009 turns).

Mesmaeker13 the Geomancer (OpEE)                   Turns: 12009, Time: 00:24:44

Health: -2/61      AC:  1    Str:  8    XL:     11   Next: 21%
Magic:  13/15      EV: 19    Int: 26    God:    Sif Muna [*.....]
Gold:   376        SH:  0    Dex: 13    Spells: 7/16 levels left

rFire    + + .     SeeInvis .   t - +3 trident
rCold    . . .     Gourm    .   (no shield)
rNeg     . . .     Faith    .   (helmet restricted)
rPois    .         Spirit   .   p - amulet of magic regeneration
rElec    .         Reflect  .   k - ring of protection from fire
rCorr    .         Harm     .   E - +6 ring of intelligence
MR       +....                  (no ring)
Stlth    +++.......             (no ring)
HPRegen  0.20/turn              (no ring)
MPRegen  0.39/turn              (no ring)
                                (no ring)
                                (no ring)

@: no status effects
A: almost no armour, stealthy swim, amphibious, 8 rings, constrict 8, camouflage
1, fire resistance 1, magic resistance 1, gelatinous body 1, MP-powered wands
a: Channel Magic, Renounce Religion


You were on level 8 of the Dungeon.
You worshipped Sif Muna.
Sif Muna was aware of your devotion.
You were hungry.

You visited 2 branches of the dungeon, and saw 9 of its levels.

You collected 376 gold pieces.

Inventory:

Hand Weapons
 f - a +0 short sword of flaming
 l - a +2 dagger of venom
 o - a +0 scimitar of flaming
 r - a +1 dagger of holy wrath
 t - a +3 trident (weapon)
Missiles
 b - 61 stones
 z - 8 poisoned darts (quivered)
Jewellery
 k - a ring of protection from fire (left tentacle)
 p - an amulet of magic regeneration (around mantle)
 E - a +6 ring of intelligence (right tentacle)
Wands
 w - a wand of digging (10)
 y - a wand of clouds (1)
Scrolls
 e - a scroll of teleportation
 h - 3 scrolls of remove curse
 i - 4 scrolls of enchant weapon
 m - 4 scrolls of amnesia
 u - 2 scrolls of immolation
 D - a scroll of blinking
 F - a scroll of fear {unknown}
Potions
 a - 3 potions of resistance
 n - a potion of agility
 q - 2 potions of haste
 x - a potion of might
 C - a potion of flight {unknown}
Comestibles
 c - 8 rations
 j - 8 chunks of flesh


   Skills:
 + Level 9.8 Dodging
 - Level 2.6 Stealth
 - Level 3.1 Spellcasting
 + Level 9.1 Conjurations
   Level 1.0 Transmutations
 + Level 10.0 Earth Magic
 + Level 4.4 Invocations


You had 7 spell levels left.
You knew the following spells:

 Your Spells              Type           Power        Failure   Level  Hunger
a - Sandblast             Erth           ######       1%          1    None
b - Stone Arrow           Conj/Erth      ######       1%          3    ###....
c - Lee's Rapid Deconstr  Erth           ######....   4%          5    ######.

Your spell library contained the following spells:

 Spells                   Type           Power        Failure   Level  Hunger
 Magic Dart               Conj           ####         1%          1    None
 Passwall                 Tmut/Erth      ####....     1%          2    #......
 Searing Ray              Conj           ######       1%          2    #......
 Iskenderun's Mystic Bla  Conj           ######..     2%          4    ####...
 Conjure Flame            Conj/Fire      ####....     4%          3    ###....
 Dazzling Spray           Conj/Hex       ####..       4%          3    ###....
 Mephitic Cloud           Conj/Pois/Air  ###.....     9%          3    ###....
 Animate Skeleton         Necr           N/A          10%         1    None
 Apportation              Tloc           #.....       10%         1    None
 Confusing Touch          Hex            #.....       10%         1    None
 Summon Small Mammal      Summ           #...         10%         1    None
 Petrify                  Tmut/Erth      ####....     10%         4    ####...
 Blink                    Tloc           N/A          14%         2    #......
 Call Imp                 Summ           #.......     14%         2    #......
 Slow                     Hex            #.......     14%         2    #......
 Force Lance              Conj/Tloc      ####....     14%         4    ####...
 Fulminant Prism          Conj/Hex       ####......   14%         4    ####...


Dungeon Overview and Level Annotations

Branches:
Dungeon (8/15)             Temple (1/1) D:5
   Lair: D:8-11

Altars:
Ashenzari
Cheibriados
Dithmenos
Fedhas
Gozag
Hepliaklqana
Kikubaaqudgha
Makhleb
Okawaru
Qazlal
Ru
Sif Muna
Trog
Uskayaw
Vehumet
Wu Jian
Xom
Yredelemnul
Zin
The Shining One

Shops:
D:4 *

Annotations:
D:8 Harold


Innate Abilities, Weirdness & Mutations

You cannot wear most types of armour.
You are very stealthy in the water. (Stealth+)
You are amphibious.
You can wear up to eight rings at the same time.
You can use your tentacles to constrict eight enemies at once.
Your skin changes colour to match your surroundings (Stealth+).
Your rubbery body absorbs attacks. (AC +1, EV +1)
Your flesh is heat resistant. (rF+)
You are resistant to hostile enchantments. (MR+)
You expend magic power (3 MP) to strengthen your wands.


Message History

It was a potion of cancellation.
You feel magically purged.
Harold hits you with a +1 glaive of pain!
* * * LOW HITPOINT WARNING * * *
You writhe in agony.
* * * LOW HITPOINT WARNING * * *
You see here a wolf corpse.
You feel better. Harold casts a spell at you. The harpoon shot hits you!
* * * LOW HITPOINT WARNING * * *
You are yanked forward by the harpoon shot.
Unknown command.
Evoke which item? (* to show all) (? for menu, Esc to quit)
Aiming: Cloud Cone
Press: ? - help, Dir - move target cursor, f - Harold
Aim: Harold, wielding a +1 glaive of pain and wearing a +0 ring mail You feel a surge of power!
You create a blast of noxious fumes!
Harold is engulfed in noxious fumes.
Harold hits you with a +1 glaive of pain!
You die...

***...###.* #.*
,,,.....#.* #.*
,,≈≈≈.....* #.##
,≈,.≈≈≈...* *..#
≈≈≈≈......## *#§##
≈≈≈≈≈≈;h.$.# ##§§#
≈≈≈...≈≈≈≈≈###≈5s#
≈≈≈.......≈;÷≈##@#
≈≈,.......######@#
,,,.######* #†.#
,,,** #)## ,,**
#.# *,**** #)#
,,,,,** #.#
,,,,,,* #.#
,,,,,*********###*
,,,,,,,,,,,*,,*,,*


You could see Harold, a scorpion and a shadow imp.

Vanquished Creatures
  Gastronok (D:8)
  Erica (D:8)
  A two-headed ogre (D:8)
  Joseph (D:7)
  Maurice (D:8)
  A polar bear (D:8)
  Grinder (D:5)
  3 yaks
  A wyvern (D:7)
  Eustachio (D:4)
  Grum (D:8)
  A hungry ghost (D:7)
  2 ice beasts
  An orc warrior (D:7)
  5 ogres
  7 wolves
  4 centaurs
  Blork the orc (D:5)
  3 bullfrogs
  3 scorpions
  A crimson imp (D:7)
  A quasit (D:8)
  2 bullfrog zombies
  A jelly (D:6)
  6 hounds
  A gnoll shaman (D:7)
  5 orc priests
  5 orc wizards
  2 centaur skeletons
  3 worker ants
  2 iguanas (D:4)
  A hound skeleton (D:8)
  6 gnolls
  14 adders
  2 shadow imps (D:7)
  4 white imps
  2 ufetubi (D:7)
  2 oozes
  An adder zombie (D:6)
  8 worms
  5 dart slugs
  An adder simulacrum (D:8)
  6 leopard geckos
  32 orcs
  2 ball pythons
  5 giant cockroaches
  9 goblins
  6 hobgoblins
  13 jackals
  6 kobolds
  6 quokkas
  6 bats
  5 frilled lizards
  A leopard gecko simulacrum (D:8)
  A quokka simulacrum (D:8)
  8 rats
221 creatures vanquished.

Vanquished Creatures (others)
  A white imp (D:8)
1 creature vanquished.

Grand Total: 222 creatures vanquished

Notes
Turn   | Place    | Note
-------+----------+-------------------------------------------
     0 | D:1      | Mesmaeker13 the Octopode Earth Elementalist began the quest
                  | for the Orb.
     0 | D:1      | Reached XP level 1. HP: 11/11 MP: 3/3
   469 | D:1      | Reached XP level 2. HP: 14/17 MP: 0/5
   983 | D:1      | Reached XP level 3. HP: 6/21 MP: 1/6
  1815 | D:2      | You fall into a shaft and drop 1 floor!
  1971 | D:3      | Reached XP level 4. HP: 19/27 MP: 8/8
  2185 | D:3      | Learned a level 3 spell: Stone Arrow
  2252 | D:3      | Reached skill level 4 in Earth Magic
  2252 | D:3      | Reached XP level 5. HP: 14/31 MP: 3/9
  2643 | D:3      | Reached skill level 1 in Conjurations
  3183 | D:3      | Reached XP level 6. HP: 34/36 MP: 1/10
  4391 | D:4      | Found Lapop's Assorted Antiques.
  4406 | D:4      | Noticed Eustachio
  4695 | D:4      | Killed Eustachio
  4695 | D:4      | Reached skill level 5 in Earth Magic
  4695 | D:4      | Reached XP level 7. HP: 20/41 MP: 0/11
  4976 | D:4      | Reached skill level 5 in Dodging
  5378 | D:4      | Reached XP level 8. HP: 46/46 MP: 12/12
  5466 | D:5      | Entered Level 5 of the Dungeon
  5466 | D:5      | Noticed Grinder
  5591 | D:5      | Killed Grinder
  5591 | D:5      | Reached skill level 6 in Earth Magic
  6208 | D:5      | Reached skill level 5 in Conjurations
  6594 | D:5      | Found a glowing silver altar of Zin.
  6605 | D:5      | Found a sacrificial altar of Ru.
  6608 | D:5      | Noticed Blork the orc
  6609 | D:5      | Found a radiant altar of Vehumet.
  6609 | D:5      | Found a shattered altar of Ashenzari.
  6704 | D:5      | Killed Blork the orc
  6740 | D:5      | Found a snail-covered altar of Cheibriados.
  6908 | D:5      | Reached skill level 7 in Earth Magic
  7118 | D:5      | Reached XP level 9. HP: 40/51 MP: 13/13
  7193 | D:5      | Found a glowing golden altar of the Shining One.
  7253 | D:5      | Found a staircase to the Ecumenical Temple.
  7269 | Temple   | Entered the Ecumenical Temple
  7372 | Temple   | Became a worshipper of Sif Muna the Loreminder
  7419 | D:5      | Found a hide-covered altar of Uskayaw.
  7492 | D:5      | Found an ancient bone altar of Kikubaaqudgha.
  7703 | D:6      | Learned a level 5 spell: Lee's Rapid Deconstruction
  9150 | D:7      | Reached * piety under Sif Muna
  9900 | D:7      | Reached skill level 8 in Earth Magic
 10125 | D:8      | Noticed Grum
 10125 | D:8      | Noticed a two-headed ogre
 10144 | D:8      | Killed Grum
 10144 | D:8      | Reached XP level 10. HP: 45/56 MP: 0/14
 10148 | D:8      | Killed a two-headed ogre
 10152 | D:8      | Noticed Erica
 10156 | D:8      | Noticed Maurice
 10342 | D:8      | Noticed Joseph
 10342 | D:8      | Noticed Gastronok
 10352 | D:7      | Killed Joseph
 10352 | D:7      | Reached skill level 9 in Earth Magic
 11309 | D:8      | Killed Gastronok
 11897 | D:8      | Reached XP level 11. HP: 52/61 MP: 9/15
 11920 | D:8      | Killed Erica
 11926 | D:8      | Noticed Harold
 11954 | D:8      | Reached skill level 10 in Earth Magic
 11996 | D:8      | Gained mutation: Your flesh is heat resistant. (rF+)
                  | [potion of mutation]
 11996 | D:8      | Gained mutation: You expend magic power (3 MP) to
                  | strengthen your wands. [potion of mutation]
 11996 | D:8      | Gained mutation: You are resistant to hostile enchantments.
                  | (MR+) [potion of mutation]
 12001 | D:8      | Killed Maurice
 12009 | D:8      | Slain by Harold

Levels and vault maps discovered:
D:1:      dpeg_arrival_castle, layout_loops_ring, amethyst_killhole
D:2:      layout_loops_cross
D:3:      layout_rooms, first_ration, minmay_pentangle
D:4:      layout_rooms, serial_shops, shop, uniq_eustachio
D:5:      layout_loops_ring, nicolae_tso_swordbearing_angel,
          grunt_temple_overflow_open, nicolae_overflow_crystal_walls,
          cheibriados_altar_1, temple_fountains, uniq_blork_the_orc,
          uniq_grinder
D:6:      layout_loops_corners
D:7:      layout_basic, serial_rivers, chequers_serial_rivers_room_a,
          chequers_serial_rivers_small_b, chequers_serial_rivers_marsh,
          chequers_serial_rivers_micro_e, chequers_serial_rivers_large_b
D:8:      layout_cave_pools, serial_ice, serial_ice_o, serial_ice_k,
          serial_ice_f, serial_ice_h, serial_ice_a, serial_ice_e, serial_ice_c,
          serial_ice_m, serial_ice_n, serial_ice_d, grunt_livestock,
          uniq_joseph, uniq_maurice, uniq_gastronok, uniq_erica, uniq_harold,
          uniq_grum
Temple:   minmay_temple_bridge_abc

Skill      XL: |  1  2  3  4  5  6  7  8  9 10 11 |
---------------+----------------------------------+-----
Dodging        | 3 4 5 6 8 9 |  9.8
Spellcasting   | 3 |  3.1
Earth Magic    | 4 5 7 8 9 10 | 10.0
Conjurations   | 1 3 5 7 8 9 |  9.1
Invocations    | 3 4 |  4.4
Stealth        | |  2.6
Transmutations | |  1.0

Action                   |  1- 3 |  4- 6 |  7- 9 | 10-12 || total
-------------------------+-------+-------+-------+-------++-------
Melee: Spear             |    67 |       |       |       ||    67
       Constrict         |    17 |    25 |    29 |     1 ||    72
       Tentacles         |     7 |     8 |    22 |     2 ||    39
       Dagger            |    21 |    78 |   114 |     2 ||   215
       Short sword       |       |       |    15 |    10 ||    25
       Trident           |       |       |       |     3 ||     3
Throw: Dart              |       |       |     1 |     4 ||     5
       Throwing net      |       |       |     1 |       ||     1
 Cast: Sandblast         |    20 |    46 |    44 |    31 ||   141
       Stone Arrow       |       |    14 |    34 |    16 ||    64
       Lee's Rapid Decon |       |       |     6 |    13 ||    19
Invok: Channel Magic     |       |       |       |     2 ||     2
Evoke: Wand              |       |       |    24 |     5 ||    29
  Use: Scroll            |     5 |     6 |     3 |     4 ||    18
       Potion            |     1 |       |       |     8 ||     9
 Stab: Sleeping          |    10 |     8 |     7 |       ||    25
       Distracted        |       |       |     1 |       ||     1
  Eat: Chunk             |     4 |     9 |    17 |     4 ||    34
       Ration            |       |       |     2 |     2 ||     4
Armor: Skin              |     8 |     3 |     1 |     5 ||    17
Dodge: Dodged            |    51 |    63 |   137 |   105 ||   356
